Map: Ruins of Seras

Players

Bop

  • Race: Zerg Zerg

Rob - Winner!

  • Race: Protoss Protoss

VOD

Have the link to the VOD?

Description

Time

  • Played on: May 3, 2015, 5:24 a.m.
  • Length: 11:51
Show
View Real Time Build Order
Export as new Build Order

Bop Zerg 

Build Orders: Hatch First, Hydra Viper 

Get SALT Encoding   

  12  0:01  Drone  
  13  0:13  Overlord  
  13  0:18  Drone  
  14  0:31  Drone x2  
  16  0:38  Drone  
  17  0:46  Drone  
  18  0:58  Hatchery  
  18  1:03  Extractor  
  16  1:06  Drone  
  17  1:15  Spawning Pool  
  16  1:27  Drone x2  
  18  1:33  Drone  
  19  1:41  Drone  
  20  1:50  Drone  
  21  2:01  Drone  
  22  2:09  Queen  
  22  2:10  Metabolic Boost, Queen  
  22  2:12  Overlord  
  26  2:20  Zergling x2  
  26  2:21  Zergling x2  
  28  2:31  Drone  
  28  2:33  Drone x2  
  32  2:44  Drone x2  
  32  2:46  Lair  
  33  2:53  Queen  
  33  2:54  Overlord  
  33  2:56  Drone  
  36  3:16  Drone x4  
  38  3:29  Drone x6  
  38  3:30  Overlord  
  44  3:35  Burrow  
  44  3:37  Extractor  
  44  3:38  Drone, Extractor  
  44  3:39  Drone, Overlord  
  44  3:46  Spore Crawler  
  44  3:58  Drone x2  
  44  3:59  Drone x5  
  44  4:02  Zergling x2, Infestation Pit, Extractor  
  50  4:07  Zergling x8  
  54  4:19  Zergling x4  
  54  4:23  Overseer  
  56  4:29  Overlord x2  
  56  4:37  Queen  
  68  5:00  Zergling x2  
  68  5:01  Zergling x8  
  68  5:04  Overlord  
  72  5:11  Hydralisk Den  
  72  5:13  Zergling x4  
  72  5:14  Zergling x4  
  72  5:24  Zergling x12  
  74  5:49  Hydralisk x2  
  74  5:51  Overlord x3  
  75  6:00  Overlord  
  70  6:12  Hydralisk x7  
  70  6:18  Muscular Augments  
  83  6:23  Hive  
  83  6:25  Drone x2  
  85  6:35  Zergling x2  
  85  6:36  Zergling x10  
  90  6:55  Hydralisk  
  90  7:01  Overlord  
  90  7:03  Queen  
  88  7:12  Overlord  
  85  7:27  Hydralisk  
  85  7:28  Hydralisk x9  
  100  7:39  Queen  
  100  7:43  Queen  
  102  7:50  Viper x2  
  107  7:52  Overlord  
  107  7:53  Overlord  
  104  8:12  Hydralisk x4  
  100  8:14  Queen  
  100  8:25  Hydralisk x4  
  94  8:41  Hydralisk  
  94  8:42  Hydralisk  
  98  8:48  Hydralisk  
  98  8:49  Hydralisk  
  102  9:01  Hydralisk x2  
  106  9:06  Spore Crawler  
  106  9:07  Hatchery  
  106  9:08  Hydralisk x2  
  102  9:19  Overlord  
  86  9:40  Hydralisk  
  86  9:41  Hydralisk x5  
  80  9:48  Viper  
  73  10:00  Hydralisk  
  73  10:01  Hydralisk  
  77  10:07  Evolution Chamber  
  77  10:11  Hydralisk x2  
  80  10:20  Spire  
  79  10:24  Drone x4  
  83  10:39  Hydralisk x3  
  89  10:48  Zergling x10  
  94  10:53  Viper  
  87  11:04  Hydralisk  
  87  11:05  Hydralisk  
  87  11:11  Spore Crawler  
  86  11:14  Hydralisk  
  88  11:25  Hydralisk x3  
Show
View Real Time Build Order
Export as new Build Order

Rob Protoss - Winner!

Build Orders: Nexus First, Carrier Rush 

Get SALT Encoding   

  12  0:01  Probe  
  13  0:15  Pylon  
  13  0:18  Probe  
  14  0:33  Probe (Chrono Boost)  
  16  0:43  Probe (Chrono Boost)  
  16  0:50  Probe  
  17  1:03  Nexus  
  17  1:04  Probe  
  18  1:13  Gateway  
  18  1:16  Probe  
  19  1:26  Assimilator  
  19  1:28  Assimilator  
  19  1:29  Probe (Chrono Boost)  
  20  1:39  Probe (Chrono Boost)  
  21  1:41  Pylon  
  21  1:46  Probe (Chrono Boost)  
  22  2:00  Probe (Chrono Boost)  
  23  2:03  Cybernetics Core  
  23  2:08  Probe (Chrono Boost)  
  25  2:19  Pylon  
  25  2:20  Probe (Chrono Boost)  
  25  2:21  Probe (Chrono Boost)  
  26  2:27  Probe (Chrono Boost)  
  26  2:28  Probe (Chrono Boost)  
  28  2:37  Probe (Chrono Boost)  
  28  2:39  Warp Gate  
  28  2:40  Forge  
  28  2:43  Probe (Chrono Boost)  
  30  2:49  Probe (Chrono Boost)  
  31  2:53  Stargate  
  31  2:55  Probe (Chrono Boost)  
  33  3:00  Probe (Chrono Boost)  
  35  3:06  Mothership Core (Chrono Boost)  
  35  3:08  Probe (Chrono Boost)  
  36  3:18  Probe (Chrono Boost)  
  37  3:23  Probe (Chrono Boost)  
  38  3:29  Sentry  
  38  3:30  Probe (Chrono Boost), Protoss Ground Weapons Level 1, Photon Cannon  
  38  3:33  Probe (Chrono Boost)  
  42  3:38  Probe  
  42  3:40  Probe  
  44  3:50  Probe  
  44  3:54  Assimilator  
  44  3:56  Probe  
  44  3:57  Assimilator  
  45  4:03  Fleet Beacon  
  45  4:04  Pylon  
  46  4:10  Probe x2  
  46  4:16  Nexus  
  47  4:22  Probe (Chrono Boost)  
  47  4:23  Probe (Chrono Boost)  
  49  4:29  Oracle (Chrono Boost)  
  52  4:34  Probe (Chrono Boost)  
  52  4:36  Probe (Chrono Boost)  
  54  4:39  Pylon  
  54  4:40  Protoss Air Weapons Level 1 (Chrono Boost)  
  54  4:45  Probe x2 (Chrono Boost)  
  55  4:53  Probe x2, Carrier (Chrono Boost)  
  57  5:05  Photon Cannon  
  57  5:11  Probe x2  
  65  5:27  Photon Cannon  
  65  5:29  Photon Cannon  
  65  5:36  Zealot  
  65  5:47  Probe x2  
  67  5:55  Stargate  
  67  5:58  Stargate  
  67  6:05  Pylon  
  67  6:06  Gateway  
  67  6:09  Photon Cannon  
  67  6:10  Carrier (Chrono Boost)  
  63  6:15  Pylon  
  63  6:19  Photon Cannon  
  69  6:46  Nexus, Carrier (Chrono Boost)  
  75  6:54  Pylon  
  75  6:55  Pylon  
  75  6:58  Pylon, Carrier (Chrono Boost)  
  73  7:10  Nexus, Zealot  
  73  7:13  Assimilator  
  81  7:26  Carrier (Chrono Boost)  
  81  7:31  Nexus  
  81  7:33  Assimilator  
  81  7:36  Pylon  
  87  7:46  Pylon x2  
  87  7:47  Probe x2  
  87  7:56  Carrier (Chrono Boost)  
  87  8:00  Probe  
  88  8:11  Zealot  
  89  8:19  Carrier (Chrono Boost)  
  84  8:37  Probe (Chrono Boost), Carrier (Chrono Boost)  
  85  8:48  Probe (Chrono Boost)  
  86  8:54  Probe  
  93  8:56  Carrier (Chrono Boost)  
  99  9:18  Carrier (Chrono Boost)  
  102  9:35  Carrier (Chrono Boost)  
  96  9:56  Probe x2  
  98  10:08  Probe  
  100  10:18  Nexus  
  92  10:46  Pylon  
  92  10:48  Robotics Facility  
  98  11:16  Probe  
  99  11:24  Zealot  
  101  11:28  Probe  
Tags
 
Add a new tag
Caveats
  • Supply blocks, unpowered buildings, or Contaminate may cause inaccurate times.
  • Supply counts are checked every 10 seconds.